AoeStats
← Bisgarra

Oasis

510176086Analyzed
4v4 RM · 4d ago on Sep 29, 2026· 59m 7s· 8 players
Game mode
Random Map
Map size
Large (8 player)
Population
200
Speed
Normal
Resources
Standard
Victory
Conquest
Starting age
Dark Age
Ending age
Imperial Age
RankedLock teamsTeams togetherTeam positionsShared explorationLock speedFull tech treeHidden civsTurbo modeCheats
Victory
Defeat
🇪🇸 Berbers · Spain
1038
+6
🇪🇸 Magyars · Spain
833
+13
🇪🇸 Franks · Spain
761
+15
🇪🇸 Bohemians · Spain
715
+16
🇦🇷 Bohemians · Argentina
807
-14
🇦🇷 Persians · Argentina
779
-13
🇩🇰 Franks · Denmark
733
-12
🇦🇷 Celts · Argentina
718
-11
hectorfoot
0:38 Loom
15:20 Feudal Age
23:17 Castle Age
22:50 Double-Bit Axe
22:48 Horse Collar
25:13 Bow Saw
33:53 Pikeman
34:20 Arson
35:29 Squires
42:42 Forging
42:32 Scale Mail Armor
45:02 Iron Casting
45:02 Chain Mail Armor
48:26 Murder Holes
54:26 Chemistry
59:34 Ballistics
Carco
5:54 Loom
14:08 Feudal Age
14:38 Double-Bit Axe
16:14 Horse Collar
20:19 Castle Age
19:15 Forging
19:49 Bloodlines
19:51 Gold Mining
21:41 Bow Saw
22:40 Scale Barding Armor
25:18 Husbandry
29:09 Iron Casting
31:06 Chain Barding Armor
32:12 Stone Mining
33:28 Stone Shaft Mining
34:04 Wheelbarrow
35:23 Gold Shaft Mining
39:26 Hand Cart
43:50 Imperial Age
43:33 Treadmill Crane
44:14 Ballistics
45:45 Blast Furnace
45:22 Plate Barding Armor
44:09 Cavalier
45:47 Conscription
44:56 Elite Camel Archer
45:30 Capped Ram
46:54 Siege Engineers
47:50 Chemistry
48:06 Heavy Plow
48:46 Fletching
48:22 Heavy Camel Rider
50:36 Maghrebi Camels
52:10 Bodkin Arrow
acrubio93
13:17 Feudal Age
15:11 Double-Bit Axe
16:24 Horse Collar
19:32 Castle Age
17:48 Gold Mining
18:29 Fletching
18:40 Padded Archer Armor
21:35 Thumb Ring
21:59 Heavy Plow
22:12 Bow Saw
28:34 Ballistics
30:14 Wheelbarrow
29:25 Loom
33:25 Hand Cart
35:47 Imperial Age
35:54 Heavy Cavalry Archer
37:02 Parthian Tactics
37:44 Chemistry
36:36 Heated Shot
37:28 Crop Rotation
38:00 Two-Man Saw
38:13 Elite Genitour
tHe ChArLyEr
7:46 Loom
10:23 Feudal Age
11:46 Double-Bit Axe
13:39 Town Watch
20:04 Castle Age
19:28 Gold Mining
21:30 Stone Mining
22:16 Bow Saw
25:15 Pikeman
25:56 Squires
28:40 Man-at-Arms
29:21 Squires
29:07 Arson
29:09 Gambesons
29:50 Long Swordsman
31:31 Forging
31:22 Scale Mail Armor
32:31 Wheelbarrow
33:00 Iron Casting
40:43 Imperial Age
40:37 Hand Cart
42:14 Town Patrol
43:10 Husbandry
42:32 Light Cavalry
43:14 Two-Handed Swordsman
46:53 Champion
47:07 Halberdier
49:50 Blast Furnace
49:06 Chain Mail Armor
52:11 Plate Mail Armor
52:20 Conscription
52:36 Hoardings
52:05 Chivalry
52:35 Caravan
52:42 Cavalier
55:21 Chemistry
54:41 Ballistics
54:17 Murder Holes
53:56 Paladin
58:57 Ordonnance Companies
Kato
15:09 Feudal Age
13:25 Loom
16:39 Wheelbarrow
16:00 Double-Bit Axe
19:30 Gold Mining
19:32 Stone Mining
24:44 Castle Age
23:38 Fletching
23:58 Forging
25:29 Forging
25:25 Scale Barding Armor
25:26 Husbandry
26:36 Pikeman
31:27 Chain Barding Armor
31:42 Iron Casting
31:03 Bodkin Arrow
Bisgarra
2:46 Loom
10:52 Feudal Age
15:43 Wheelbarrow
16:17 Double-Bit Axe
17:09 Scale Mail Armor
16:34 Man-at-Arms
17:01 Arson
20:00 Horse Collar
25:11 Castle Age
23:48 Forging
23:59 Padded Archer Armor
24:59 Fletching
26:02 Bow Saw
25:59 Squires
26:20 Pikeman
26:22 Long Swordsman
26:26 Elite Skirmisher
27:15 Town Watch
29:29 Heavy Plow
29:56 Caravan
31:56 Wagenburg Tactics
31:25 Crossbowman
32:52 Leather Archer Armor
34:12 Ballistics
54:28 Murder Holes
Azopardo9650
0:34 Loom
13:38 Feudal Age
14:12 Horse Collar
14:19 Double-Bit Axe
15:51 Wheelbarrow
15:02 Town Watch
16:43 Stone Mining
16:47 Gold Mining
22:42 Castle Age
21:02 Forging
20:52 Scale Mail Armor
20:33 Man-at-Arms
21:46 Arson
24:21 Chain Mail Armor
24:22 Long Swordsman
25:51 Gambesons
32:07 Iron Casting
31:17 Pikeman
36:56 Imperial Age
36:16 Fortified Wall
36:17 Masonry
39:05 Conscription
40:41 Ballistics
41:23 Chemistry
40:29 Halberdier
42:29 Heavy Scorpion
45:42 Hand Cart
51:53 Two-Handed Swordsman
54:32 Stone Shaft Mining
55:24 Town Patrol
3GUR3N
1:05 Loom
11:54 Feudal Age
14:19 Town Watch
19:03 Castle Age
17:49 Horse Collar
17:57 Double-Bit Axe
22:44 Bow Saw
28:38 Scale Barding Armor
31:17 Wheelbarrow
32:49 Hand Cart
33:31 Chain Barding Armor
33:22 Forging
38:02 Imperial Age
39:34 Town Patrol
40:14 Plate Barding Armor
40:15 Iron Casting
39:32 Fletching
39:42 Padded Archer Armor
40:05 Conscription
39:08 Elite War Elephant
39:51 Kamandaran
39:26 Pikeman
40:06 Squires
41:31 Gambesons
41:32 Arson
43:46 Two-Man Saw
42:48 Heavy Plow
42:41 Gold Mining
42:42 Stone Mining
42:32 Halberdier
43:39 Elite Skirmisher
44:25 Scale Mail Armor
46:58 Thumb Ring
48:35 Citadels
49:04 Hoardings
49:12 Crossbowman
51:52 Chemistry
51:14 Ballistics
52:11 Murder Holes
52:27 Masonry
53:12 Gold Shaft Mining
52:37 Bodkin Arrow
58:16 Leather Archer Armor
59:02 Blast Furnace
Connection lost

Rejoining the realm…

Still unreachable

The connection could not be restored.

Session expired

The server has moved on; the page needs a fresh start.